 Dungeon Crawl Stone Soup version 0.29-a0-676-ga64570c9d2 (webtiles) character file.

Game seed: 9358837614832974246

156 Zonian the Chiller (level 5, -1/24 HPs)
             Began as a Vine Stalker Ice Elementalist on June 24, 2022.
             Slain by a gnoll
             ... wielding a +0 spear
              (6 damage)
             ... on level 3 of the Dungeon.
             The game lasted 00:06:56 (3479 turns).

Zonian the Chiller (Vine Stalker Ice Elementalist)  Turns: 3479, Time: 00:06:56

Health: -1/24      AC:  2    Str: 10    XL:     5   Next: 37%
Magic:  0/11       EV: 13    Int: 17    God:
Gold:   75         SH:  0    Dex: 21    Spells: 3/10 levels left

rFire   . . .      SeeInvis .   l - +1 short sword (venom)
rCold   . . .      Faith    .   (no shield)
rNeg    . . .      Spirit   +   a - +0 robe
rPois   .          Reflect  .   (no helmet)
rElec   .          Harm     .   (no cloak)
rCorr   +          Rampage  .   (no gloves)
Will    .....                   (no boots)
Stlth   +++.......              (no amulet)
HPRegen 0.88/turn               e - +6 ring of dexterity
MPRegen 0.12/turn               m - ring of resist corrosion

@: mighty, freezing walls
A: fangs 2, regeneration 1, magic shield, antimagic bite, no potion heal 2
a: no special abilities


You were on level 3 of the Dungeon.
You visited 1 branch of the dungeon, and saw 3 of its levels.

You collected 75 gold pieces.

Inventory:

Hand Weapons
 f - a +0 hunting sling
 g - a +0 dagger
 l - a +1 short sword of venom (weapon)
 n - a +0 hunting sling
 p - a +2 whip of venom
 q - a +2 short sword of protection
Missiles
 k - 8 poisoned darts
Armour
 a - a +0 robe (worn)
Jewellery
 e - a +6 ring of dexterity (left hand)
 m - a ring of resist corrosion (right hand)
Potions
 c - a potion of might
 d - a potion of curing {unknown}
 h - a potion of heal wounds {unknown}
 i - 2 potions of cancellation {unknown}
 j - a potion of attraction {unknown}
 o - a potion of haste {unknown}


   Skills:
 + Level 2.5 Dodging
 + Level 4.1 Stealth
 + Level 3.3 Spellcasting
 + Level 4.7 Ice Magic


You had 3 spell levels left.
You knew the following spells:

 Your Spells              Type           Power      Damage    Failure   Level
a - Freeze                Ice            72%        1d9       2%          1
b - Frozen Ramparts       Ice            36%        1d5       8%          3
c - Ozocubu's Armour      Ice            18%        N/A       8%          3

Your spell library contained the following spells:

 Spells                   Type           Power      Damage    Failure   Level
 Hailstorm                Conj/Ice       10%        3d5       54%         4


Dungeon Overview and Level Annotations

Branches:
Dungeon (3/15)

Altars:


Innate Abilities, Weirdness & Mutations

You have extremely sharp teeth.
Your natural rate of healing is unusually fast.
When hurt, damage is shared between your health and your magic reserves.
Your bite disrupts and absorbs the magic of your enemies.
Potions cannot restore your health.


Message History

Aim: an orc wizard, wielding a +0 dagger and wearing a +0 robe (moderately wounded)
You freeze the orc wizard!
The orc wizard is almost dead.
The gnoll barely misses you.
The orc wizard hits you with a +0 dagger.
The gnoll barely misses you. Magic courses through your body.
The gnoll hits you with a +0 spear. The orc wizard completely misses you.
The gnoll closely misses you.
Unknown command.
Casting: Freeze (safe; 2% risk of failure)
Confirm with . or Enter, or press ? or * to list all spells.
Aiming: Freeze (safe; 2% risk of failure)
Press: ? - help, Shift-Dir - straight line, f/p - orc wizard
Aim: an orc wizard, wielding a +0 dagger and wearing a +0 robe (almost dead)
You freeze the orc wizard!
You kill the orc wizard!
The gnoll hits you with a +0 spear. The gnoll barely misses you.
Unknown command.
You barely miss the orc priest. The orc priest barely misses you.
The gnoll hits you but does no damage. The gnoll barely misses you.
You hit the orc priest.
The orc priest is poisoned.
The orc priest is moderately wounded.
The orc priest hits you with a +0 club. The gnoll barely misses you.
The gnoll completely misses you. The gnoll hits you with a +0 spear.
* * * LOW HITPOINT WARNING * * *
The orc priest barely misses you.
It was a potion of might.
You feel very mighty all of a sudden. The gnoll misses you.
The gnoll hits you with a +0 spear.
* * * LOW HITPOINT WARNING * * *
The orc priest barely misses you.
Casting: Freeze (safe; 2% risk of failure)
Confirm with . or Enter, or press ? or * to list all spells.
The spell is quite dangerous to miscast (8% risk of failure)!
Continue anyway?
Casting: Frozen Ramparts (quite dangerous; 8% risk of failure)
Press: ? - help, Dir - look around, f - activate The walls around you are covered in ice.
The wall freezes the gnoll.
The gnoll barely misses you.
The wall freezes the gnoll.
The gnoll hits you with a +0 spear.
You die...

#######.. #.# #.# #.. #.
##. #.. #. .... #### ##
....##:.##########+#####
.......@#≈≈≈≈≈≈≈≈≈.≈#...
##.....go..........≈#...
#......#g.........≈#...
#####..#≈.........≈#...
##.#≈.........≈#...
#)#≈....)....≈#...
#.#≈....♣....≈#...
#.#≈.........≈#...
#.#≈.........≈#.##


You could see an orc priest (very poisoned) and 2 gnolls.

Vanquished Creatures
  Jessica (D:2)
  An orc wizard (D:3)
  3 gnolls
  2 adders
  A worm (D:2)
  A dart slug (D:3)
  2 orcs (D:3)
  A ball python (D:2)
  4 endoplasms (D:1)
  2 giant cockroaches
  4 goblins
  8 hobgoblins
  A quokka (D:1)
  4 bats
  3 frilled lizards
  9 kobolds
  5 rats
52 creatures vanquished.

Vanquished Creatures (others)
  A plant (D:3)
1 creature vanquished.

Grand Total: 53 creatures vanquished

Notes
Turn   | Place    | Note
-------+----------+-------------------------------------------
     0 | D:1      | Zonian the Vine Stalker Ice Elementalist began the quest
                  | for the Orb.
     0 | D:1      | Reached XP level 1. HP: 9/9 MP: 4/4
   524 | D:1      | Reached XP level 2. HP: 13/13 MP: 0/6
  1056 | D:1      | Reached XP level 3. HP: 13/16 MP: 4/7
  1336 | D:1      | Learned a level 3 spell: Frozen Ramparts
  1340 | D:1      | Learned a level 3 spell: Ozocubu's Armour
  2910 | D:2      | Noticed Jessica
  2919 | D:2      | Killed Jessica
  2920 | D:2      | Gained mutation: Your natural rate of healing is unusually
                  | fast. [Vine Stalker growth]
  2920 | D:2      | Reached XP level 4. HP: 21/21 MP: 9/9
  3428 | D:3      | Reached XP level 5. HP: 20/24 MP: 10/10
  3479 | D:3      | Slain by a gnoll

Illustrated notes

Levels and vault maps discovered:
D:1:      dpeg_arrival_renting, layout_loops_cross, dreamdust_princess_corridor
D:2:      layout_loops_ring, uniq_jessica
D:3:      cheibrodos_pilgrimage, layout_basic, tgw_kikubaaqudgha,
          mainiacjoe_overflow_catwalk, minmay_strange_pillars,
          kennysheep_small_spiral, saegor_snake_ambush

Skill      XL: |  1  2  3  4  5 |
---------------+----------------+-----
Stealth        | 3 4 |  4.1
Dodging        | 2 |  2.5
Spellcasting   | 3 |  3.3
Ice Magic      | |  4.7

Action                   |  1- 3 |  4- 6 || total
-------------------------+-------+-------++-------
Melee: Unarmed           |     2 |       ||     2
       Bite              |     6 |    10 ||    16
       Dagger            |    25 |       ||    25
       Short sword       |    13 |    34 ||    47
       Punch             |     1 |       ||     1
Throw: Dart              |     6 |       ||     6
 Cast: Freeze            |    31 |     3 ||    34
       Frozen Ramparts   |       |     1 ||     1
  Use: Scroll            |     4 |       ||     4
       Potion            |       |     2 ||     2
 Stab: Sleeping          |     8 |     2 ||    10
       Distracted        |       |     1 ||     1
Armor: Robe              |    11 |     3 ||    14
Dodge: Dodged            |    23 |    31 ||    54

Table legend: (Time is in decaauts)
 A = Elapsed time spent in this place.
 B = Non-inter-level travel time spent in this place.
 C = Inter-level travel time spent in this place.
 D = Time resting spent in this place.
 E = Time spent auto-exploring this place.
 F = Levels seen in this place.
 G = Mean time per level.
                   A        B        C        D        E       F      G
               +--------+--------+--------+--------+--------+-----+--------+
         Total |   3481 |   3372 |    109 |   1283 |   1348 |   3 | 1160.3 |
       Dungeon |   3481 |   3372 |    109 |   1283 |   1348 |   3 | 1160.3 |
               +--------+--------+--------+--------+--------+-----+--------+

Top non-repeatable levels by time:
     D:1: 1816 daAuts
     D:2: 1464 daAuts
     D:3: 201 daAuts
